 Dungeon Crawl Stone Soup version 0.24.1 (webtiles) character file.

Game seed: 8168243176252216406, levelgen mode: deterministic

67 H0rd4k the Charlatan (level 4, -5/32 HPs)
             Began as a Human Artificer on Mar 27, 2020.
             Killed by nerve-wracking pain
             ... invoked by Grinder
              (11 damage)
             ... on level 3 of the Dungeon.
             The game lasted 00:02:18 (2539 turns).

H0rd4k the Charlatan (Human Artificer)              Turns: 2539, Time: 00:02:18

Health: -5/32      AC:  3    Str: 13    XL:     4   Next: 38%
Magic:  6/6        EV: 12    Int: 16    God:
Gold:   55         SH:  0    Dex: 14    Spells: 3/3 levels left

rFire    . . .     SeeInvis .   a - +0 short sword
rCold    . . .     Gourm    .   (no shield)
rNeg     . . .     Faith    .   b - +0 leather armour
rPois    .         Spirit   .   (no helmet)
rElec    .         Reflect  .   (no cloak)
rCorr    .         Harm     .   (no gloves)
MR       .....                  (no boots)
Stlth    +.........             (no amulet)
HPRegen  0.10/turn              (no ring)
MPRegen  0.10/turn              (no ring)

@: confused, brilliant
A: no striking features
a: no special abilities


You were on level 3 of the Dungeon.
You were not hungry.

You visited 1 branch of the dungeon, and saw 3 of its levels.

You collected 55 gold pieces.

Inventory:

Hand Weapons
 a - a +0 short sword (weapon)
Missiles
 k - 4 javelins (quivered)
Armour
 b - a +0 leather armour (worn)
Jewellery
 w - an uncursed ring of poison resistance {unknown}
Wands
 c - a wand of flame (10)
 d - a wand of enslavement (15)
 e - a wand of random effects (13)
Scrolls
 i - 5 scrolls of teleportation {unknown}
 l - 3 scrolls of identify {unknown}
 m - 2 scrolls of amnesia {unknown}
 u - a scroll of random uselessness {unknown}
 y - a scroll of remove curse {unknown}
Potions
 g - a potion of mutation {unknown}
 j - a potion of might {unknown}
 o - a potion of lignification {unknown}
 p - a potion of invisibility
 q - a potion of degeneration {unknown}
 r - a potion of heal wounds {unknown}
 s - a potion of curing {unknown}
 t - a potion of magic {unknown}
 v - 3 potions of flight {unknown}
 x - 2 potions of resistance {unknown}
Comestibles
 f - 2 rations


   Skills:
 + Level 1.2 Fighting
 + Level 1.5 Short Blades
 + Level 1.7 Armour
 + Level 2.8 Dodging
 + Level 1.2 Stealth
 + Level 3.4 Evocations


You had 3 spell levels left.
You didn't know any spells.
Your spell library was empty.

Dungeon Overview and Level Annotations

Branches:
Dungeon (3/15)

Altars:
Cheibriados

Annotations:
D:3 Grinder


Message History

You suddenly lose the ability to move!
Grinder drinks a potion.
Grinder flickers and vanishes!
Deactivating autopickup; reactivate with Ctrl-A.
Something hits you.
You writhe in agony.
You shrug off the repeated paralysis!
Pain shoots through your body!
You can move again.
Unknown command.
It was a potion of brilliance.
You feel clever all of a sudden.
Something tries to affect you, but you resist.
You feel more clever all of a sudden. Something hits you.
* * * LOW HITPOINT WARNING * * *
You writhe in agony.
* * * LOW HITPOINT WARNING * * *
It was a potion of ambrosia.
You are confused.
You feel invigorated. Pain shoots through your body!
You die...

############### #.............#
#.###########.# #.# #.#
#.###########.# #..........##.#
#########..........##.#
.......@{..........##.#
##################..........##.#
..†........# #..........##.#
##########.# #..........##.#
#<..######.#######..........##.##
..........................)###.#.
...........###############.###.#.
.(......##.# #..##.#.
##########.################.##.#.


There were no monsters in sight!

Vanquished Creatures
  2 adders
  A worm (D:2)
  A dart slug (D:1)
  A leopard gecko (D:2)
  9 bats
  4 goblins
  6 hobgoblins
  6 frilled lizards
  8 kobolds
  7 rats
45 creatures vanquished.

Notes
Turn   | Place    | Note
-------+----------+-------------------------------------------
     0 | D:1      | H0rd4k the Human Artificer began the quest for the Orb.
     0 | D:1      | Reached XP level 1. HP: 15/15 MP: 3/3
     2 | D:1      | Noticed a merfolk
     2 | D:1      | Noticed an octopode
     4 | D:1      | Noticed a naga
     4 | D:1      | Noticed a spriggan
     6 | D:1      | Noticed a troll
     8 | D:1      | Noticed a vine stalker
     8 | D:1      | Noticed a dwarf
    10 | D:1      | Noticed a demigod
    10 | D:1      | Noticed a centaur
    12 | D:1      | Noticed a human
    12 | D:1      | Noticed a ghoul
    14 | D:1      | Noticed an ogre
    14 | D:1      | Noticed a gargoyle
    16 | D:1      | Noticed a formicid
    16 | D:1      | Noticed a draconian
    18 | D:1      | Noticed a tengu
    18 | D:1      | Noticed a demonspawn
    20 | D:1      | Noticed a felid
    22 | D:1      | Noticed a halfling
    24 | D:1      | Noticed a minotaur
    26 | D:1      | Noticed an elf
    26 | D:1      | Noticed a vampire
   472 | D:1      | Reached XP level 2. HP: 17/21 MP: 4/4
   866 | D:1      | Reached XP level 3. HP: 25/26 MP: 5/5
  1078 | D:2      | Found a snail-covered altar of Cheibriados.
  1188 | D:2      | Reached skill level 1 in Armour
  1801 | D:2      | Reached XP level 4. HP: 27/32 MP: 6/6
  2527 | D:3      | Noticed Grinder
  2531 | D:3      | Paralysed by Grinder for 6 turns
  2538 | D:3      | HP: 1/32 [something (5)]
  2539 | D:3      | Killed from afar by Grinder

Levels and vault maps discovered:
D:1:      kb_arrival_jail, layout_basic, kennysheep_minor_cross
D:2:      layout_basic, cheibriados_altar_1
D:3:      layout_basic, first_ration, uniq_crazy_yiuf_cottage, uniq_grinder

Skill      XL: |  1  2  3 |
---------------+----------+-----
Armour         | 1 |  1.7
Fighting       | |  1.2
Short Blades   | |  1.5
Dodging        | |  2.8
Stealth        | |  1.2
Evocations     | |  3.4

Action                   |  1- 3 |  4- 6 || total
-------------------------+-------+-------++-------
Melee: Short sword       |   144 |    30 ||   174
Evoke: Wand              |     3 |     4 ||     7
  Use: Potion            |       |     3 ||     3
 Stab: Sleeping          |     3 |     1 ||     4
  Eat: Chunk             |     2 |     3 ||     5
Armor: Leather armour    |    57 |     3 ||    60
Dodge: Dodged            |   148 |    16 ||   164
